Cogmind - Beta 17 @@@ ROGUE MODE // 2026.08.01 @ 04:01:17 Player: kite Result: Self-destructed Performance ------------- Evolutions (1) 500 Regions Visited (5) 1000 Robots Destroyed (15) 75 Value Destroyed (267) 267 Prototype IDs (23) 460 Alien Tech Used (0) 0 Bonus (385) 385 TOTAL SCORE: 2687 Bonus ------- Follower Combat Kills 85 Aligned with FarCom 300 Cogmind --------- Core Integrity 376/400 Matter 260/300 Energy 241/250 System Corruption 1% Temperature Cool (0) Movement Treading (145) Location -9/Exiles Parts ------- > --- POWER (1) -------- Ion Engine > --- PROPULSION (3) --- Advanced Treads Advanced Treads Advanced Treads > --- UTILITY (3) ------ Medium Storage Unit Light Armor Plating Shield Generator > --- WEAPON (2) ------- Hammer Katana > --- INVENTORY (10) --- Advanced Treads Advanced Treads Advanced Treads Advanced Treads Guided Plasma Cannon YOLO Cannon Field Lobotomy Kit (5) Hammer Hammer Peak State ------------ > --- POWER ------------ Ion Engine > --- PROPULSION ------- Advanced Treads Advanced Treads Advanced Treads > --- UTILITY ---------- Medium Storage Unit Light Armor Plating Shield Generator > --- WEAPON ----------- Hammer Katana > --- INVENTORY -------- Advanced Treads Advanced Treads Advanced Treads Advanced Treads Guided Plasma Cannon YOLO Cannon Field Lobotomy Kit Hammer Hammer [Rating: 23] Favorites ----------- Power Ion Engine Engine Ion Engine Propulsion Light Treads Treads Light Treads Leg Aluminum Leg Utility Medium Storage Unit Device Shield Generator Storage Medium Storage Unit Protection Light Armor Plating Weapon Hammer Energy Gun Medium Laser Impact Weapon Hammer Slashing Weapon Katana Build | -11 -10 -10 -9 -9 -9 ------- Run | Yrd Mat Min Mat Min Exi Slots Evolved 2 | . . . 2 . . Power . | . . . . . . Propulsion 1 | . . . 1 . . Utility 1 | . . . 1 . . Weapon . | . . . . . . Parts Attached 20 | 6 6 2 3 . 3 Power 1 | 1 . . . . . Engine 1 | 1 . . . . . Core . | . . . . . . Reactor . | . . . . . . Propulsion 8 | 2 2 . 1 . 3 Treads 6 | . 2 . 1 . 3 Leg 2 | 2 . . . . . Wheel . | . . . . . . Hover . | . . . . . . Flight . | . . . . . . Utility 5 | 1 2 1 1 . . Device 1 | . . . 1 . . Storage 2 | 1 1 . . . . Processor . | . . . . . . Hackware . | . . . . . . Protection 2 | . 1 1 . . . Artifact . | . . . . . . Weapon 6 | 2 2 1 1 . . Energy Gun 2 | 2 . . . . . Energy Cannon . | . . . . . . Ballistic Gun . | . . . . . . Ballistic Cannon . | . . . . . . Launcher . | . . . . . . Special Weapon . | . . . . . . Impact Weapon 3 | . 2 1 . . . Slashing Weapon 1 | . . . 1 . . Piercing Weapon . | . . . . . . Special Melee Weapon . | . . . . . . Unidentified Prototypes . | . . . . . . Parts Lost . | . . . . . . Power . | . . . . . . Propulsion . | . . . . . . Utility . | . . . . . . Weapon . | . . . . . . Highest Loss Streak . | . . . . . . To Critical Strikes . | . . . . . . Average Backups 8 | 1 7 8 9 10 9 Power . | . 1 1 . . . Propulsion 5 | 1 3 5 6 7 6 Utility . | . . . . . . Weapon 2 | . 1 2 2 3 2 Tool/Special . | . . . . . . Unused Backups 11 | . . . 3 . 8 Power 1 | . . . 1 . . Propulsion 6 | . . . 2 . 4 Utility . | . . . . . . Weapon 3 | . . . . . 3 Tool/Special 1 | . . . . . 1 Average Slot Usage (%) 97 | . 95 100 90 100 100 Engine 12 | . 14 14 11 11 11 Treads 25 | . 7 28 22 33 33 Leg 4 | . 20 . 5 . . Device 6 | . . . 7 11 11 Storage 12 | . 16 14 11 11 11 Protection 11 | . 8 14 11 11 11 Energy Gun 1 | . 10 . . . . Impact Weapon 17 | . 17 28 17 11 11 Slashing Weapon 5 | . . . 4 11 11 Peak Build Rating 23 | 6 7 7 14 14 23 Average Rating 10 | 3 6 6 10 14 15 On Entrance 8 | . 6 7 7 14 14 Avg Prop Armor Cover (%) 8 | . . . 8 . . Naked Turns . | . . . . . . Heaviest Build 24 | 14 24 22 24 24 24 Greatest Support 66 | 20 40 40 60 60 66 Greatest Overweight (x) 1 | . 1 . 1 . . Average Overweight (x) . | . . . . . . Largest Inventory Capacity 10 | 8 10 10 10 10 10 Average Capacity 9 | 6 9 10 10 10 10 Most Carried 10 | 3 9 9 10 10 10 Average Carried 8 | 1 7 8 9 10 9 Final Capacity 10 | 8 10 10 10 10 10 Final Carried 10 | 3 9 9 10 10 10 Class Distribution -------------------- 100% | Mutant Dominant Class ---------------- Mutant | -10/Materials Mutant | -10/Mines Mutant | -9/Materials Mutant | -9/Mines Mutant | -9/Exiles Resources | -11 -10 -10 -9 -9 -9 ----------- Run | Yrd Mat Min Mat Min Exi Matter Collected 410 | 56 40 254 60 . . Remotely . | . . . . . . Salvage Created 364 | . 78 44 24 218 . Parts 24 | . 2 . 2 20 . Haulers Intercepted . | . . . . . . Recyclers Shooed . | . . . . . . Parts Field Recycled . | . . . . . . Retrieved Matter . | . . . . . . Parts Self-Destructed . | . . . . . . Prevented . | . . . . . . Parts Restored . | . . . . . . Kills | -11 -10 -10 -9 -9 -9 ------- Run | Yrd Mat Min Mat Min Exi Combat Hostiles Destroyed 11 | . 4 1 . 6 . Melee 10 | . 4 . . 6 . Classes Destroyed 5 | . 2 . 1 2 . Builder 3 | . . . 1 2 . Tunneler 1 | . . . . 1 . Swarmer 6 | . 3 . . 3 . Grunt 4 | . 1 1 . 2 . Brawler 1 | . . . . 1 . Best Kill Streak 3 | . 3 1 1 3 . Combat Bots Only 3 | . 3 1 . 3 . Max Kills in Single Turn 1 | . 1 1 1 1 . Gunslinging . | . . . . . . Exploded . | . . . . . . Melee 1 | . 1 . . 1 . Uniques/NPCs Destroyed . | . . . . . . Combat | -11 -10 -10 -9 -9 -9 -------- Run | Yrd Mat Min Mat Min Exi Hostile Shots Fired 81 | . 37 10 1 31 2 Missed 24 | . 11 3 . 9 1 Hits 57 | . 26 7 1 22 1 Projectile 57 | . 26 7 1 22 1 Critical Strikes 1 | . . . . . 1 Damage Taken 482 | . 224 105 7 136 10 Core 125 | . 69 32 . 24 . Absorbed by Shields 64 | . . . 3 57 4 Redirected to Shielding 48 | . 32 16 . . . Core Remaining (%) 79 | 100 . 59 . . . Volleys Fired 3 | . 3 . . . . Largest 2 | . 2 . . . . Hottest 100 | . 100 . . . . Shots Fired 6 | . 6 . . . . Gun 6 | . 6 . . . . Cannon . | . . . . . . Launcher . | . . . . . . Special . | . . . . . . Kinetic . | . . . . . . Thermal 6 | . 6 . . . . Explosive . | . . . . . . Electromagnetic . | . . . . . . Robot Hit Streak 1 | . 1 . . . . Robot Miss Streak 1 | . 1 . . . . Penetration Max . | . . . . . . Secondary Targets . | . . . . . . Shots Hit Robots 40 | . 16 5 1 18 . Core Hits 10 | . 3 . . 7 . Critical Kills . | . . . . . . Critical Parts Destroyed 2 | . . 1 . 1 . Critical Strikes 2 | . . 1 . 1 . Smash 2 | . . 1 . 1 . Melee Attacks 55 | . 22 6 1 26 . Impact 46 | . 22 6 . 18 . Slashing 9 | . . . 1 8 . Piercing . | . . . . . . Sneak Attacks 7 | . . 1 1 5 . Combat Hostiles . | . . . . . . Follow-up Attacks 4 | . 1 . . 3 . Damage Inflicted 1223 | . 343 163 67 650 . Guns 37 | . 37 . . . . Cannons . | . . . . . . Explosions . | . . . . . . Melee 1186 | . 306 163 67 650 . Ramming . | . . . . . . Kinetic . | . . . . . . Thermal 37 | . 37 . . . . Explosive . | . . . . . . Electromagnetic . | . . . . . . Impact 768 | . 306 163 . 299 . Slashing 418 | . . . 67 351 . Piercing . | . . . . . . Highest Corruption 1 | . . . . . 1 Average Corruption 1 | . . . . . 1 Corruption Purged . | . . . . . . Corruption Blocked . | . . . . . . Overload Shots . | . . . . . . Overflow Damage 241 | . 48 48 47 98 . Projectiles . | . . . . . . Explosions . | . . . . . . Melee 241 | . 48 48 47 98 . Knockbacks 7 | . 3 1 . 3 . Impact 7 | . 3 1 . 3 . Kinetic . | . . . . . . Secondary . | . . . . . . Self-Inflicted Damage . | . . . . . . Shots . | . . . . . . Rammed . | . . . . . . Targets Rammed . | . . . . . . Kicked . | . . . . . . Crushed . | . . . . . . Highest Temperature 39 | . 39 . . . . Average Temperature 20 | . 20 . . . . Received Heat Transfer 125 | . 42 63 4 16 . Siege Activations . | . . . . . . Martial Activations . | . . . . . . Shielding Activations . | . . . . . . Robots Disrupted . | . . . . . . Combat Hostiles . | . . . . . . Robots Corrupted 1 | . . 1 . . . Combat Hostiles 1 | . . 1 . . . Parts Fried 5 | . 1 1 . 3 . Impact Corruptions 11 | . 5 3 . 3 . Robots Melted . | . . . . . . Combat Hostiles . | . . . . . . Parts Melted . | . . . . . . Heat Transferred 111 | . 111 . . . . Parts Sabotaged . | . . . . . . Parts Stolen . | . . . . . . Parts Stripped . | . . . . . . Power Chain Reactions . | . . . . . . Alert | -11 -10 -10 -9 -9 -9 ------- Run | Yrd Mat Min Mat Min Exi Maximum Alert Level . | . . . . . . Low Security (%) 100 | 100 100 100 100 100 . Level 1 . | . . . . . . Level 2 . | . . . . . . Level 3 . | . . . . . . Level 4 . | . . . . . . Level 5 . | . . . . . . High Security . | . . . . . . Max Security . | . . . . . . Peak Influence 83 | . 60 30 83 74 . Initial . | . . . . . . Average 13 | . 11 1 24 20 . Influence Increases 415 | . 100 30 105 180 . Destroy 0b10 Robot/C 280 | . 80 20 60 120 . Destroy 0b10 Robot/NC 20 | . . . 5 15 . Destroy Leader 60 | . 20 10 10 20 . Allied During Kill 33 | . . . 8 25 . Successful Hack 7 | . . . 7 . . Lose Combat Pursuer 15 | . . . 15 . . Influence Decreases 415 | . 98 32 105 180 . Entered New Map 2 | . . 2 . . . Time Decay 413 | . 98 30 105 180 . Squads Dispatched 2 | . 1 . . 1 . Investigation . | . . . . . . Extermination . | . . . . . . Reinforcement 1 | . 1 . . . . Assault 1 | . . . . 1 . Garrison . | . . . . . . Intercept . | . . . . . . Searches Triggered . | . . . . . . Construction Impeded . | . . . . . . Haulers Reinforced . | . . . . . . Active Scanning Responses . | . . . . . . Cargo Convoy Interrupts . | . . . . . . Stealth | -11 -10 -10 -9 -9 -9 --------- Run | Yrd Mat Min Mat Min Exi Distress Signals 1 | . 1 . . . . Communications Jammed . | . . . . . . Distress Signals . | . . . . . . Times Spotted 22 | . 8 2 2 6 4 Peak Tracking Total 5 | . 4 2 3 3 5 Tactical Retreats 1 | . . . 1 . . Traps | -11 -10 -10 -9 -9 -9 ------- Run | Yrd Mat Min Mat Min Exi Traps Triggered . | . . . . . . Indirectly . | . . . . . . Trap Hack Attempts . | . . . . . . Triggered . | . . . . . . Disarmed . | . . . . . . Reprogrammed . | . . . . . . Reused . | . . . . . . Traps Extracted . | . . . . . . Installed . | . . . . . . Triggered . | . . . . . . Machines | -11 -10 -10 -9 -9 -9 ---------- Run | Yrd Mat Min Mat Min Exi Machines Disabled . | . . . . . . Max in Single Turn . | . . . . . . Machines Repaired . | . . . . . . Machines Dismantled . | . . . . . . Machines Sabotaged . | . . . . . . Overloaded Fab Kills . | . . . . . . Hacking | -11 -10 -10 -9 -9 -9 --------- Run | Yrd Mat Min Mat Min Exi Machines Accessed 3 | . 1 . 1 . 1 Terminals 2 | . 1 . 1 . . Fabricators . | . . . . . . Repair Stations . | . . . . . . Recycling Units . | . . . . . . Scanalyzers . | . . . . . . Garrison Access . | . . . . . . Total Hacks 7 | . 3 . 3 . 1 Successful 3 | . 1 . 1 . 1 Failed 4 | . 2 . 2 . . Catastrophic 1 | . 1 . . . . Database Lockouts . | . . . . . . Manual 6 | . 2 . 3 . 1 Terminals 6 | . 3 . 3 . . Fabricators . | . . . . . . Repair Stations . | . . . . . . Recycling Units . | . . . . . . Scanalyzers . | . . . . . . Garrison Access . | . . . . . . Terminal Hacks 3 | . 1 . 1 . 1 Part Schematic 1 | . 1 . . . . Registered Components 1 | . . . 1 . . Proto ID Catalog 1 | . . . . . 1 Fabricator Hacks . | . . . . . . Repair Station Hacks . | . . . . . . Recycling Unit Hacks . | . . . . . . Scanalyzer . | . . . . . . Garrison Access Hacks . | . . . . . . Unauthorized Hacks . | . . . . . . Terminals . | . . . . . . Fabricators . | . . . . . . Repair Stations . | . . . . . . Recycling Units . | . . . . . . Scanalyzers . | . . . . . . Garrison Access . | . . . . . . Data Cores Recovered . | . . . . . . Used . | . . . . . . Hacking Detections 2 | . 1 . 1 . . Full Trace Events 1 | . 1 . . . . Feedback Events . | . . . . . . Feedback Blocked . | . . . . . . Robot Schematics Acquired . | . . . . . . Robots Built . | . . . . . . Authchips . | . . . . . . Time . | . . . . . . Total Robot Build Rating . | . . . . . . Part Schematics Acquired 1 | . 1 . . . . Parts Built . | . . . . . . Authchips . | . . . . . . Time . | . . . . . . Total Part Build Rating . | . . . . . . Part Studies Acquired . | . . . . . . Parts Repaired . | . . . . . . Time . | . . . . . . Parts Recycled . | . . . . . . Recycled Matter . | . . . . . . Retrieved Matter . | . . . . . . Retrieved Components . | . . . . . . Parts Scanalyzed . | . . . . . . Part Schematics Acquired . | . . . . . . Parts Damaged . | . . . . . . Bothacking | -11 -10 -10 -9 -9 -9 ------------ Run | Yrd Mat Min Mat Min Exi Used RIF Installer . | . . . . . . Robots Hacked . | . . . . . . Non-combat . | . . . . . . Combat . | . . . . . . Robot Hacks Applied . | . . . . . . Relay Couplers Released . | . . . . . . Fabnet Peak Effective % . | . . . . . . Robots Rewired . | . . . . . . Allies Hacked . | . . . . . . Hacks Repelled . | . . . . . . Allies | -11 -10 -10 -9 -9 -9 -------- Run | Yrd Mat Min Mat Min Exi Total Allies 4 | . . 2 . 2 . Largest Group 3 | . . 2 2 3 3 Highest-Rated Group 70 | . . 39 39 70 70 Highest-Rated Ally 31 | . . 31 31 31 31 Total Orders . | . . . . . . Ally Attacks 19 | . . . 17 . 2 Total Damage 209 | . . . 169 . 40 Kills 3 | . . . 3 . . Allies Corrupted . | . . . . . . Allies Melted . | . . . . . . Intel | -11 -10 -10 -9 -9 -9 ------- Run | Yrd Mat Min Mat Min Exi Active Infowar (turns) . | . . . . . . Robot Analysis Total . | . . . . . . Derelict Logs Recovered 1 | . . . . 1 . Drone Launches . | . . . . . . Drone Recoveries . | . . . . . . Exploration | -11 -10 -10 -9 -9 -9 ------------- Run | Yrd Mat Min Mat Min Exi Turns Passed 2409 | 70 415 549 327 658 390 Spaces Moved 1356 | 54 246 286 163 367 240 Core 8 | 8 . . . . . Treads 1081 | . 57 286 131 367 240 Legs 267 | 46 189 . 32 . . Wheels . | . . . . . . Hover . | . . . . . . Flight . | . . . . . . Fastest Speed 50 | 50 120 160 160 160 145 Average Speed 154 | 109 137 160 165 160 158 Slowest Speed 190 | 120 190 160 190 160 160 Overloaded Moves . | . . . . . . Propulsion Burnouts . | . . . . . . Robots Hopped . | . . . . . . Potential Cave-ins . | . . . . . . Cave-ins Triggered . | . . . . . . Exploration Rate (%) 36 | 3 41 49 14 65 47 Regions Visited 5 Branch Regions 3 Pre-discovered Areas . | . . . . . . Known Exits Taken . | . . . . . . Unknown Exits Taken 5 | 1 1 1 1 1 . Scrap Searched 1 | . . 1 . . . Spaces Dug . | . . . . . . Terrain Destroyed . | . . . . . . Melee . | . . . . . . Projectile . | . . . . . . AOE . | . . . . . . Terrain Rammed . | . . . . . . Walls Destroyed . | . . . . . . Machines Disabled . | . . . . . . Actions | -11 -10 -10 -9 -9 -9 --------- Run | Yrd Mat Min Mat Min Exi Total 1584 | 62 282 367 221 401 251 Wait 122 | . 1 71 36 14 . Move 1351 | 53 245 285 162 366 240 Hop . | . . . . . . Pick Up 21 | 3 6 1 8 . 3 Fast Attach 13 | 6 4 . 3 . . Attach 4 | . . 1 1 . 2 Detach . | . . . . . . Swap 8 | . 2 2 2 . 2 Drop 16 | . 3 1 8 . 4 Fire 3 | . 3 . . . . Melee 46 | . 18 6 1 21 . Ram . | . . . . . . Kick . | . . . . . . Crush . | . . . . . . Escape Stasis . | . . . . . . Rewire . | . . . . . . Trap . | . . . . . . Miscellaneous . | . . . . . . Route ------- -11/Scrapyard -10/Materials (discovered 2 exits: *Mat / [*Min]) -10/Mines (discovered 2 exits: *Mat / [*Sub]) -9/Materials -9/Mines (discovered 3 exits: [*Mat x2] / *Exi) -9/Exiles History --------- Turn | Location | Event 7 | -11/Scrapyard | Discovered new exit (range 16) 71 | -11/Scrapyard | Entered Materials 266 | -10/Materials | Discovered new exit (range 4) 302 | -10/Materials | Build established: Mutant 462 | -10/Materials | Discovered new exit (range 14) 486 | -10/Materials | Entered Mines 488 | -10/Mines | Met a Derelict bent on vengeance 651 | -10/Mines | Assembled infested the area 656 | -10/Mines | Assisted by a Guerilla fighting off Assembled 975 | -10/Mines | Discovered new exit (range 10) 1013 | -10/Mines | Discovered new exit (range 7) 1035 | -10/Mines | Entered Materials 1035 | -9/Materials | Accompanied by 2 allies 1035 | -9/Materials | Evolved 2 slots: Propulsion x1, Utility x1 1040 | -9/Materials | Led the pair of lost Derelicts to an unsafe place 1331 | -9/Materials | Discovered new exit (range 16) 1362 | -9/Materials | Entered Mines 1362 | -9/Mines | Accompanied by 2 allies 1448 | -9/Mines | Discovered new exit (range 12) 1500 | -9/Mines | Discovered new exit (range 6) 1507 | -9/Mines | Received a Mining Laser from a helpful Derelict 1787 | -9/Mines | Learned Materials emergency access door positions 1881 | -9/Mines | Met a Derelict testing a Signal Generator 2003 | -9/Mines | Deemed a non-threat by the Exiles lab entrance 2003 | -9/Mines | Discovered new exit (range 5) 2020 | -9/Mines | Entered Exiles 2020 | -9/Exiles | Accompanied by 3 allies 2050 | -9/Exiles | Led the pair of lost Derelicts to a safe place 2059 | -9/Exiles | Met 8R-AWN 2088 | -9/Exiles | Met EX-HEX 2132 | -9/Exiles | Met EX-BIN 2152 | -9/Exiles | Aligned with FarCom system 2153 | -9/Exiles | Given EX-Vault access code 2193 | -9/Exiles | Opened EX-Vault 2203 | -9/Exiles | Found Field Lobotomy Kit 2239 | -9/Exiles | Warned to stay clear of 0b10 Research branches 2261 | -9/Exiles | Exiles lab attacked by MAIN.C 2358 | -9/Exiles | Found Gui. Plasma Cannon 2368 | -9/Exiles | Found YOLO Cannon 2410 | -9/Exiles | Self-destructed Last Messages --------------- something like 1234 which I did last time as a little joke and some thief managed to sneak in here and steal a few of HEX's prototypes. 02261_ EXILES: Incoming Unaware force detected on approach from Mines. Prepare for evacuation. 02292_ 8R-AWN: "We've got company!" 02296_ 8R-AWN: "I'll cover you all, get out of here!" 02296_ EXILES: Lab perimeter alert, evacuate immediately. 02298_ EX-BIN: "Not cool, MAIN.C, I don't even have my SDF Cannon ready..." 02355_ Dropped Lgt. Treads. 02358_ Acquired Gui. Plasma Cannon. 02368_ Dropped Lgt. Treads. 02368_ Acquired YOLO Cannon. 02408_ Machine disabled. 02408_ G-34 Mercenary suffers critical hit (Burn). Map ----- +----------------------------------------------------+ | ??????????????????????# #??????????????????? | | ??????????????????????## ##??????????????????? | | ??????????????????????#X #???????????????????? | | ??????????????????????## #???????????????????? | | ???????????????????????# #???????????????????? | | ???????????????????????# #???####????????????? | | ???????????????????????# #??"""""????????????? | | ???????????????????????# ## """#???????????? | | ???????????????????????# X""#???????????? | | ???????????????????????# ## """#???????????? | | ?????????????????####??# #??"""""????????????? | | ????????????????""""""?# #???####????????????? | | ????????????????"""" ## #???????????????????? | | ???????????????#""X" #???????????????????? | | ???????????????#" #???????????????????? | | ???????????????#" ## #???????????????????? | | ???????????????#""""""?# #?#########?????????? | | ???????????????##"###??# #?#"""""""#?????????? | | ???????????????????????# #?#"""""""#?????????? | | ???????????????????????# #?#"""""""#?????????? | | ??????????????????????## ###"" """"#?????????? | | ??????????????????????#" """"#?????????? | | ??????????????????????#" g """#?????????? | | ??????????????????????#" """#?????????? | | ??????????????????????# """#?????????? | | ??????????????????????#" @ """#?????????? | | ??????????????????????#" """#?????????? | | ??????????????????????## """"?????????? | | ???????????????????????# """#?????????? | | ???????????????????????#" "X" """"?????????? | | ???????????????????????#" """ #?????????? | | ????????? ?????????????#" """""""""#?????????? | | ?????????" ???????????##" ###########?????????? | | ?????????# ??????????##"" #???????????????????? | | ???????### ##??######"" #???????????????????? | | ????####X# #"###""""""" ##??????????????????? | | ??? """""" " "" ##???###########???? | | ??? "" """ " gg #####"""""""""##??? | | ??? " " p " """ """"##?? | | ?? "" " #?? | | ?? g " """#?? | | ? " "#?? | | ? " "##? | | ??" ""## | | ???"" """""" """ | | ??" ######""" " | | ??" ""##????#####""" | | ??"" """##?????????##""" | | ??? """##???????????#"""" | | ??? ""#????????????#"" | +----------------------------------------------------+ Best States ------------- Heat Dissipation 28 Energy Generation 10 Energy Capacity 250 Matter Stores 300 Matter Capacity 300 Sight Range 16 Terrain Scan Density 10 Armor Coverage 150 Propulsion Shielding 33 Evasion (%) 55 Recoil Reduction 3 Item Schematics ----------------- Cargo Storage Unit | -10/Materials | Hacked Robot Schematics ------------------ None Fabricated ------------ Nothing Repaired ---------- Nothing Studied --------- None Alien Tech Used ----------------- None Achievements -------------- None Challenges ------------ None Game ------ Seed ImpactDiametricDriver Manual? 0 Play Time 00:10:28 Cumulative 510.6 hours Start 2026.08.01 @ 03:45:53 End 2026.08.01 @ 04:01:17 Sessions 1 Manual Loads 0 Difficulty Rogue Special Mode None Game No. 455 Rogue 455 Adventurer 0 Explorer 0 Win Type - Total 13 Types 7/0/3/1/0/0/0/1/0/1 Lore% 63 Gallery% 70 Achievement% 67 Wizard Run 0 Options --------- Layout 1 ASCII 0 Keyboard 0 Movement Mouse Keybinds 0 Fullscreen 2 Font 24/Cog Map View 50x35 Zoom Use 60% Tactical HUD 1 Map Filters NONE Filters NONE Steam 1 RUN: 58b33d6d-c525-4c36-b76c-004577e98807